 Dungeon Crawl Stone Soup version 0.23.2-30-g0e89c35649 (webtiles) character file.

Game seed: 7238899201729275619

1040 Jabberih the Chiller (level 8, 0/52 HPs)
             Began as a Merfolk Ice Elementalist on June 18, 2019.
             Slain by an ice beast (2 damage)
             ... on level 5 of the Dungeon.
             The game lasted 00:16:28 (6301 turns).

Jabberih the Chiller (Merfolk Ice Elementalist)     Turns: 6301, Time: 00:16:28

Health: 0/52       AC:  6    Str:  8    XL:     8   Next: 24%
Magic:  6/15       EV: 11    Int: 20    God:
Gold:   358        SH:  0    Dex: 15    Spells: 3/17 levels left

rFire    . . .     SeeInvis .   i - +3 flail (crush)
rCold    . . .     Gourm    .   (no shield)
rNeg     + . .     Faith    .   s - +0 ring mail
rPois    .         Spirit   .   B - +0 helmet
rElec    .         Reflect  .   (no cloak)
rCorr    .         Harm     .   (no gloves)
MR       .....                  (no boots)
Stlth    +.........             (no amulet)
HPRegen  0.17/turn              m - +4 ring of intelligence
MPRegen  0.14/turn              u - ring of positive energy

@: very slightly contaminated
A: change form in water, swift swim, stealthy swim
a: no special abilities


You were on level 5 of the Dungeon.
You were not hungry.

You visited 1 branch of the dungeon, and saw 5 of its levels.

You collected 358 gold pieces.

Inventory:

Hand Weapons
 h - a +0 dagger
 i - a +3 flail of crushing (weapon)
 l - a +0 spear
Missiles
 j - 49 arrows
 k - 124 stones (quivered)
Armour
 n - a +1 robe
 s - a +0 ring mail (worn)
 B - a +0 helmet (worn)
Jewellery
 m - a +4 ring of intelligence (left hand)
 p - an uncursed ring of teleportation
 u - a ring of positive energy (right hand)
 C - an uncursed amulet of the acrobat {unknown}
Wands
 a - a wand of enslavement (11)
 o - a wand of scattershot (5)
 x - a wand of iceblast (9)
Scrolls
 b - a scroll of magic mapping
 d - 8 scrolls of identify
 e - 3 scrolls of amnesia
 g - a scroll of enchant armour
 q - 5 scrolls of teleportation
 w - 2 scrolls of enchant weapon
 y - a scroll of remove curse
Potions
 f - 2 potions of haste
 r - a potion of ambrosia {unknown}
 t - a potion of curing {unknown}
 v - a potion of magic {unknown}
 z - a potion of degeneration {unknown}
 A - a potion of might {unknown}
Comestibles
 c - 10 rations
 D - 4 chunks of flesh


   Skills:
 + Level 3.8 Dodging
 - Level 2.1 Stealth
 - Level 5.0 Spellcasting
 - Level 0.7 Conjurations
 * Level 3.5 Summonings
 + Level 7.8 Ice Magic


You had 3 spell levels left.
You knew the following spells:

 Your Spells              Type           Power        Failure   Level  Hunger
a - Freeze                Ice            ####         1%          1    None
b - Throw Frost           Conj/Ice       ###...       10%         2    None
c - Ozocubu's Armour      Chrm/Ice       ###.....     22%         3    ##.....
d - Summon Ice Beast      Ice/Summ       ####....     34%         4    ####...
e - Throw Icicle          Conj/Ice       ###.....     52%         4    ####...

Your spell library contained the following spells:

 Spells                   Type           Power        Failure   Level  Hunger
 Summon Small Mammal      Summ           ###.         9%          1    None
 Call Imp                 Summ           ###.....     13%         2    None
 Call Canine Familiar     Summ           ###.....     26%         3    ##.....
 Summon Guardian Golem    Hex/Summ       ##......     45%         3    ##.....
 Summon Lightning Spire   Summ/Air       ##......     86%         4    ####...


Dungeon Overview and Level Annotations

Branches:
Dungeon (5/15)
 Temple: D:4-7

Altars:
Elyvilon
Gozag
Kikubaaqudgha
Okawaru
Sif Muna
Trog
Vehumet


Message History

You barely miss the ice beast.
The ice beast is heavily wounded.
The ice beast hits you but does no damage.
You hit the ice beast but do no damage.
The ice beast is heavily wounded.
The ice beast barely misses you.
The ice beast hits you but does no damage.
Your ring mail prevents you from hitting the ice beast.
The ice beast is heavily wounded.
The ice beast hits you but does no damage.
You barely miss the ice beast.
The ice beast is heavily wounded.
The ice beast hits you.
* * * LOW HITPOINT WARNING * * *
The ice beast freezes you!
* * * LOW HITPOINT WARNING * * *
You hit the ice beast but do no damage.
The ice beast is heavily wounded.
The ice beast hits you.
You die...

#.# #.# #...+...
#......##.##. #. #.#
#..##.... #......##.###
#.#
.....................##
##.##..........####..##
# #....#.#...#..# ##...
..#......#...#..### #..#
................... #..#
#.##...#.##..#..#####..#
......Y@...............#
##.###.#.##.............
##.#.##...#.#####...
......#.###.#####...
........#...........
...............[.....
.....########.#####...
..##.. #.# #... #..
######.#####.##


You could see an ice beast.

Vanquished Creatures
  Prince Ribbit (D:5)
  2 phantoms
  A centaur (D:5)
  A scorpion (D:4)
  2 vampire bats (D:4)
  A bullfrog zombie (D:5)
  A crimson imp (D:5)
  A bullfrog skeleton (D:5)
  An orc wizard (D:3)
  A centaur skeleton (D:4)
  An orc priest (D:4)
  A worker ant (D:4)
  A hound skeleton (D:4)
  A worker ant zombie (D:3)
  5 adders
  2 oozes
  2 adder skeletons
  3 worms
  2 dart slugs
  4 leopard geckos
  10 orcs
  A ball python (D:5)
  8 bats
  3 bat skeletons (D:4)
  4 bat zombies (D:4)
  6 giant cockroaches
  6 goblins
  9 hobgoblins
  6 jackals
  8 kobolds
  4 quokkas
  6 frilled lizards
  2 leopard gecko skeletons (D:5)
  A quokka skeleton (D:4)
  5 rats
113 creatures vanquished.

Vanquished Creatures (collateral kills)
  A phantom (D:5)
1 creature vanquished.

Grand Total: 114 creatures vanquished

Notes
Turn   | Place    | Note
-------+----------+-------------------------------------------
     0 | D:1      | Jabberih the Merfolk Ice Elementalist began the quest for
                  | the Orb.
     0 | D:1      | Reached XP level 1. HP: 13/13 MP: 3/3
   510 | D:1      | Reached XP level 2. HP: 19/19 MP: 3/5
   514 | D:1      | Learned a level 2 spell: Throw Frost
   525 | D:1      | Reached skill level 4 in Ice Magic
   889 | D:2      | Found an opulent altar of Gozag.
  1123 | D:2      | Reached XP level 3. HP: 24/24 MP: 4/6
  1219 | D:2      | Found a deep blue altar of Sif Muna.
  1721 | D:2      | Reached skill level 5 in Ice Magic
  1723 | D:2      | Found an iron altar of Okawaru.
  1996 | D:2      | Found an opulent altar of Gozag.
  2028 | D:2      | Reached XP level 4. HP: 28/30 MP: 3/7
  2100 | D:2      | Learned a level 3 spell: Ozocubu's Armour
  2447 | D:3      | HP: 1/30 [orc wizard/puff of frost (8)]
  2769 | D:3      | Reached XP level 5. HP: 23/35 MP: 4/8
  3610 | D:4      | Reached skill level 6 in Ice Magic
  3653 | D:4      | Found a radiant altar of Vehumet.
  3713 | D:4      | Noticed a phantom
  3738 | D:4      | Killed a phantom
  3738 | D:4      | Reached XP level 6. HP: 31/41 MP: 4/11
  4274 | D:4      | Found a bloodstained altar of Trog.
  4274 | D:4      | Found a white marble altar of Elyvilon.
  4433 | D:4      | Learned a level 4 spell: Summon Ice Beast
  4637 | D:4      | Reached XP level 7. HP: 37/46 MP: 8/13
  4964 | D:4      | Found an ancient bone altar of Kikubaaqudgha.
  4970 | D:4      | Reached skill level 7 in Ice Magic
  4977 | D:4      | Reached skill level 1 in Summonings
  5157 | D:5      | Entered Level 5 of the Dungeon
  5157 | D:5      | Noticed Prince Ribbit
  5164 | D:5      | Killed Prince Ribbit
  5203 | D:5      | Learned a level 4 spell: Throw Icicle
  5601 | D:5      | Reached XP level 8. HP: 12/52 MP: 4/15
  6007 | D:5      | Reached skill level 5 in Spellcasting
  6300 | D:5      | HP: 2/52 [ice beast (11)]
  6301 | D:5      | Slain by an ice beast

Skill      XL: |  1  2  3  4  5  6  7  8 |
---------------+-------------------------+-----
Ice Magic      | 4 5 6 7 |  7.8
Spellcasting   | 3 4 5 |  5.0
Summonings     | 2 3 |  3.5
Dodging        | 3 |  3.8
Stealth        | |  2.1
Conjurations   | |  0.7

Action                   |  1- 3 |  4- 6 |  7- 9 || total
-------------------------+-------+-------+-------++-------
Melee: Dagger            |     3 |       |       ||     3
       Spear             |    22 |       |       ||    22
       Flail             |       |   117 |   115 ||   232
 Cast: Freeze            |    49 |    51 |     8 ||   108
       Throw Frost       |     3 |     1 |     2 ||     6
       Ozocubu's Armour  |       |     2 |       ||     2
       Summon Ice Beast  |       |       |     6 ||     6
Evoke: Wand              |       |     1 |       ||     1
  Use: Scroll            |     4 |     5 |     2 ||    11
       Potion            |       |     1 |       ||     1
 Stab: Sleeping          |     1 |     4 |       ||     5
  Eat: Chunk             |     4 |     9 |       ||    13
       Ration            |       |       |     2 ||     2
Armor: Robe              |    10 |    30 |    46 ||    86
       Ring mail         |       |       |    22 ||    22
Dodge: Dodged            |    51 |   113 |   121 ||   285
